Map: Ever Dream LE

Players

Cheetje - Winner!

  • Race: Protoss Protoss
  • League: Diamond
  • Spawn Location: 7:00

green

  • Race: Zerg Zerg
  • League: Diamond
  • Spawn Location: 1:00

VOD

Have the link to the VOD?

Description

Time

  • Played on: Aug. 2, 2020, 2:24 p.m.
  • Length: 14:03
Show
View Real Time Build Order
Export as new Build Order

Cheetje Protoss - Winner!

Build Orders: 1 Gate Expand, Carriers 

Get SALT Encoding   

  12  0:00  Probe  
  13  0:12  Probe  
  14  0:19  Pylon  
  14  0:24  Probe  
  15  0:37  Probe (Chrono Boost)  
  15  0:41  Gateway  
  16  0:46  Probe (Chrono Boost)  
  16  0:48  Assimilator  
  17  0:51  Probe (Chrono Boost)  
  18  1:03  Probe  
  19  1:15  Probe  
  20  1:33  Nexus  
  20  1:38  Cybernetics Core  
  20  1:42  Probe  
  21  1:48  Assimilator  
  21  1:53  Pylon  
  21  2:05  Probe  
  22  2:11  Stalker (Chrono Boost)  
  24  2:17  Probe  
  25  2:25  Gateway  
  25  2:29  Probe  
  26  2:34  Adept  
  28  2:38  Warp Gate  
  28  2:41  Probe  
  29  2:50  Robotics Facility  
  29  2:55  Probe  
  29  2:56  Probe  
  31  3:04  Sentry  
  33  3:08  Probe x2 (Chrono Boost)  
  35  3:15  Stalker  
  37  3:20  Probe (Chrono Boost)  
  37  3:21  Probe (Chrono Boost)  
  39  3:28  Probe (Chrono Boost)  
  39  3:29  Probe (Chrono Boost)  
  41  3:35  Assimilator, Probe  
  41  3:36  Probe  
  41  3:37  Assimilator  
  43  3:43  Sentry  
  46  3:52  Robotics Bay  
  46  3:54  Pylon  
  45  4:14  Probe  
  45  4:15  Probe  
  47  4:17  Pylon  
  47  4:27  Probe x2  
  49  4:39  Probe x2 (Chrono Boost), Disruptor  
  54  4:51  Probe x2 (Chrono Boost)  
  56  4:57  Probe x2 (Chrono Boost)  
  58  5:05  Probe x2  
  60  5:07  Nexus  
  60  5:10  Pylon  
  60  5:20  Forge  
  60  5:22  Pylon  
  60  5:27  Pylon  
  60  5:29  Disruptor  
  60  5:32  Probe x2  
  65  5:41  Shield Battery  
  65  5:44  Probe x2  
  67  5:53  Stargate  
  67  5:56  Probe x2  
  69  5:58  Gateway  
  69  6:00  Gateway  
  69  6:01  Gateway  
  69  6:02  Photon Cannon  
  69  6:04  Photon Cannon  
  69  6:06  Shield Battery  
  69  6:08  Probe x2  
  69  6:09  Pylon  
  71  6:14  Disruptor  
  74  6:20  Probe x2  
  74  6:21  Protoss Shields Level 1  
  74  6:22  Probe  
  74  6:24  Sentry  
  74  6:25  Sentry  
  83  6:33  Probe (Chrono Boost)  
  83  6:34  Probe x2 (Chrono Boost)  
  84  6:42  Pylon  
  84  6:43  Assimilator  
  84  6:44  Protoss Air Weapons Level 1 (Chrono Boost)  
  84  6:46  Probe (Chrono Boost)  
  87  6:47  Assimilator  
  87  6:50  Probe x2 (Chrono Boost)  
  87  6:58  Stargate  
  87  6:59  Stargate  
  87  7:00  Fleet Beacon  
  87  7:01  Probe x2  
  87  7:02  Probe  
  90  7:09  Twilight Council  
  90  7:12  Photon Cannon  
  90  7:13  Probe  
  90  7:14  Probe  
  90  7:15  Shield Battery, Probe  
  93  7:26  Probe  
  93  7:29  Disruptor  
  97  7:38  Nexus  
  97  7:40  Pylon  
  97  7:42  Pylon  
  97  7:44  Probe x3  
  98  7:46  Unknown  
  98  7:49  Carrier  
  106  7:59  Charge  
  107  8:06  Observer, Probe x3  
  110  8:16  Photon Cannon  
  110  8:17  Photon Cannon  
  110  8:18  Probe  
  110  8:19  Probe x2  
  113  8:20  Shield Battery  
  113  8:22  Shield Battery  
  113  8:24  Photon Cannon  
  113  8:30  Probe  
  113  8:31  Templar Archives  
  113  8:32  Photon Cannon, Carrier  
  120  8:34  Photon Cannon  
  120  8:36  Carrier  
  126  8:43  Protoss Shields Level 2 (Chrono Boost), Protoss Air Weapons Level 2 (Chrono Boost)  
  126  8:56  Carrier  
  132  9:03  Pylon  
  132  9:04  Pylon  
  132  9:07  Pylon  
  132  9:20  Pylon  
  132  9:28  Stargate  
  132  9:30  Stargate, Photon Cannon  
  132  9:34  Pylon  
  140  9:41  Psionic Storm  
  132  9:46  Carrier (Chrono Boost)  
  132  9:47  Carrier (Chrono Boost)  
  144  10:02  Gateway  
  144  10:04  Gateway  
  144  10:05  Carrier (Chrono Boost)  
  144  10:06  Gateway  
  150  10:08  Pylon  
  150  10:10  Pylon  
  150  10:13  Pylon  
  150  10:16  Probe x3  
  150  10:18  Observer  
  154  10:26  Zealot x5  
  164  10:39  Observer  
  164  10:41  Carrier (Chrono Boost)  
  164  10:42  Carrier (Chrono Boost)  
  176  11:00  Observer  
  177  11:05  Protoss Air Weapons Level 3  
  177  11:08  Carrier x3 (Chrono Boost)  
  185  11:27  High Templar x2  
  185  11:30  Nexus, Probe  
  190  11:33  Assimilator  
  190  11:38  Assimilator  
  190  11:41  Stalker x4  
  190  11:42  Stalker, Pylon  
  190  11:44  Pylon  
  186  12:14  Carrier x2  
  198  12:29  Nexus  
  192  12:32  Photon Cannon  
  192  12:35  Photon Cannon  
  192  12:41  Zealot  
  192  12:42  Zealot  
  192  12:43  Zealot  
  192  12:44  Zealot  
  196  12:59  Zealot  
  196  13:00  Zealot x2  
  195  13:46  Zealot x2  
Show
View Real Time Build Order
Export as new Build Order

green Zerg 

Build Orders: Hatch First 

Get SALT Encoding   

  12  0:00  Drone  
  13  0:09  Drone  
  14  0:16  Overlord  
  14  0:24  Extractor, Drone  
  15  0:34  Drone x2  
  17  0:53  Hatchery  
  16  0:57  Drone  
  16  0:59  Drone  
  18  1:11  Extractor  
  18  1:15  Spawning Pool  
  18  1:16  Drone  
  17  1:19  Drone  
  18  1:27  Drone  
  19  1:37  Drone  
  20  1:48  Overlord  
  20  2:02  Queen  
  20  2:05  Queen  
  24  2:12  Metabolic Boost  
  24  2:15  Drone x3  
  27  2:21  Drone x2  
  29  2:36  Hatchery  
  28  2:42  Queen  
  30  2:55  Overlord x2  
  30  3:06  Overlord  
  30  3:12  Queen  
  32  3:24  Drone  
  32  3:25  Drone x9  
  42  3:29  Drone  
  42  3:32  Overlord  
  43  3:58  Roach Warren  
  43  4:01  Evolution Chamber  
  41  4:10  Evolution Chamber  
  40  4:18  Drone x13  
  40  4:21  Queen  
  55  4:26  Extractor  
  55  4:29  Extractor  
  53  4:33  Drone x6  
  59  4:45  Zerg Melee Weapons Level 1  
  59  4:52  Drone x7  
  66  5:13  Overlord x3  
  66  5:15  Extractor  
  65  5:24  Zergling x2  
  66  5:28  Hatchery  
  65  5:51  Drone x2  
  65  5:56  Roach x7  
  81  5:58  Overlord x3  
  81  6:00  Lair  
  80  6:19  Zergling x30  
  95  6:34  Roach x5  
  95  6:37  Overlord x2  
  95  6:38  Overlord  
  105  6:42  Queen  
  107  6:47  Overlord  
  107  6:48  Overlord  
  107  6:53  Roach  
  107  6:54  Roach  
  111  6:57  Overlord x2  
  111  7:03  Spire  
  110  7:09  Drone x9  
  110  7:14  Overseer  
  121  7:37  Roach x7  
  121  7:38  Ravager x4  
  121  7:39  Ravager  
  121  7:40  Ravager x2  
  121  7:42  Roach  
  121  7:43  Roach x7  
  156  7:55  Zerg Missile Weapons Level 1  
  156  8:00  Extractor  
  156  8:01  Extractor  
  156  8:02  Extractor  
  156  8:03  Zergling x24, Extractor  
  164  8:17  Drone x3  
  167  8:21  Overlord x3  
  167  8:23  Zerg Flyer Weapons Level 1  
  167  8:27  Hatchery  
  167  8:30  Drone  
  167  8:32  Overlord x2  
  167  8:41  Drone x2  
  167  8:42  Drone x7  
  176  9:38  Mutalisk  
  176  9:39  Mutalisk x10  
  176  9:43  Pneumatized Carapace  
  198  9:46  Drone  
  199  10:03  Hatchery  
  198  10:25  Baneling Nest  
  194  11:04  Zerg Melee Weapons Level 2, Zerg Missile Weapons Level 2  
  191  11:20  Mutalisk  
  191  11:21  Mutalisk x3  
  191  11:23  Zerg Flyer Weapons Level 2  
  191  11:25  Centrifical Hooks  
  199  11:27  Baneling x4  
  199  11:28  Baneling x26  
  199  11:29  Baneling  
  154  12:02  Corruptor  
  154  12:03  Corruptor x14  
  161  12:08  Zergling x2  
  161  12:09  Zergling x52  
  161  12:10  Zergling x22  
  137  12:58  Corruptor x10  
  134  13:11  Corruptor  
  134  13:12  Corruptor  
  119  13:14  Zergling x2  
  119  13:15  Zergling x42  
  119  13:16  Zergling x6  
Tags
 
Add a new tag
Caveats
  • Supply blocks, unpowered buildings, or Contaminate may cause inaccurate times.
  • Supply counts are checked every 10 seconds.